 Dungeon Sprint DCSS version 0.23-a0-726-g9fa1570 (webtiles) character file.

16800000 12572944 the Formicid Barricade (level 27, -11042/249 HPs)
             Began as a Formicid Fighter on Jan 16, 2019.
             Was the Champion of Makhleb.
             Annihilated by The Meatlord
             ... wielding the +7 sceptre of Torment {pain, torment}
              (11291 damage)
             ... in the Dungeon (Sprint VIII: "Arena of Blood").
             The game lasted 00:02:29 (168 turns).

12572944 the Formicid Barricade (Formicid Fighter)   Turns: 168, Time: 00:02:29

Health: -11042/249 AC: 13    Str: 21    XL:     27
Magic:  54/54      EV: 31    Int: 12    God:    Makhleb [******]
Gold:   0          SH: 19    Dex: 19    Spells: 80/80 levels left

rFire    + + .     SeeInvis +   k - +∞ Axe of Woe
rCold    . . .     Gourm    .   b - +0 shield
rNeg     . . .     Faith    .   a - +0 scale mail
rPois    .         Spirit   .   (helmet unavailable)
rElec    .         Reflect  .   (no cloak)
rCorr    .         Harm     .   (no gloves)
MR       ++...                  (no boots)
Stlth    ++++++++..             (no amulet)
HPRegen  0.51/turn              l - ring of protection from fire
MPRegen  0.34/turn              m - ring of protection from fire

@: no status effects
A: permanent stasis, dig shafts and tunnels, four strong arms, antennae 3
a: Dig, Minor Destruction, Lesser Servant of Makhleb, Major Destruction, Greater
Servant of Makhleb, Renounce Religion


You were in the Dungeon.
You worshipped Makhleb.
Makhleb was exalted by your worship.
You were not hungry.

You visited 1 branch

Inventory:

Hand Weapons
 k - the +∞ Axe of Woe (weapon)
   (You found it in the Dungeon)
Armour
 a - a +0 scale mail (worn)
 b - a +0 shield (worn)
Jewellery
 l - a ring of protection from fire (left hand)
 m - a ring of protection from fire (right hand)
Scrolls
 j - a scroll of blinking
Potions
 c - a potion of might
 e - a potion of curing {@q1}
 f - a potion of heal wounds {@q2}
 g - a potion of haste {@q3}
 h - 2 potions of magic
 i - a potion of berserk rage
Comestibles
 d - a ration


   Skills:
 O Level 27 Fighting
 O Level 27 Axes
 O Level 27 Throwing
 O Level 27 Armour
 O Level 27 Dodging
 O Level 27 Stealth
 O Level 27 Shields
 O Level 27 Unarmed Combat
 O Level 27 Spellcasting
 O Level 27 Invocations


You had 80 spell levels left.
You didn't know any spells.
Your spell library was empty.

Dungeon Overview and Level Annotations

Branches:
Dungeon (1/1)

Altars:
Makhleb

Annotations:
D The Meatlord


Innate Abilities, Weirdness & Mutations

You cannot be hasted, slowed, berserked, paralysed or teleported.
You can dig through walls and to a lower floor.
Your four strong arms can wield two-handed weapons with a shield.
You have a pair of large antennae on your head. (SInv)


Message History

You hear a shout! x3
You slice the meat berserker!!
You chop the meat berserker into pieces.
You kill the meat berserker!
Makhleb accepts your kill.
You hear a shout! x4
You slice the meat berserker!!
You dissect the meat berserker like a pig carcass.
You kill the meat berserker!
Makhleb accepts your kill.
You hear a shout! x4
You hear a shout! x3
A meat berserker comes into view.
It is wielding a +9 battleaxe. 2 orcs, an ogre and a two-headed ogre come into view.
The meat berserker shouts!
You hear a shout!
A bag of meat comes into view. It is wielding a +9 war axe.
You hear a shout!
The Meatlord hits you with the +7 sceptre of Torment {pain, torment}!!!!!!!!!!!
Ouch! That really hurt!
You die...

....#.....#.......#...........##.
.#......###.......###............
.............###.............###.
.....#........_..................
.))#).))...#.....#.......#.#.....
#))))......._.<._#.............).
)))#)......#.....#..)...#.#.#....
)....#......o.OO.................
.............###@........#.#.#..#
........###....&..###..........#.
.........{#.......#.............#
..........#.......#.....o......#.
.#....................o..........
#.#.#...........O.....#...#..
.#.#. ......O..o. ...#
.....oOo..##


You could see The Meatlord, 3 large bags of meat, 2 meat berserkers and 4 bags
of meat.

Vanquished Creatures
  4 vampire knights (D)
  20 ogres (D)
  3 two-headed ogres (D)
  122 orcs (D)
149 creatures vanquished.

Notes
Turn   | Place    | Note
-------+----------+-------------------------------------------
     0 | D        | Found the +∞ Axe of Woe
     0 | D        | 12572944 the Formicid Fighter began the quest for the Orb.
     0 | D        | Reached XP level 1. HP: 18/18 MP: 1/1
     4 | D        | Became a worshipper of Makhleb the Destroyer
     6 | D        | Noticed a bag of meat
     7 | D        | Noticed a bag of meat
    10 | D        | Killed a bag of meat
    10 | D        | Reached skill level 15 in Fighting
    10 | D        | Reached skill level 15 in Armour
    10 | D        | Reached XP level 2. HP: 45/45 MP: 2/2
    10 | D        | Reached XP level 3. HP: 51/51 MP: 3/3
    10 | D        | Reached XP level 4. HP: 58/58 MP: 4/4
    10 | D        | Reached XP level 5. HP: 64/64 MP: 5/5
    10 | D        | Reached XP level 6. HP: 71/71 MP: 6/6
    10 | D        | Reached XP level 7. HP: 77/77 MP: 7/7
    10 | D        | Reached XP level 8. HP: 85/85 MP: 8/8
    10 | D        | Reached XP level 9. HP: 91/91 MP: 9/9
    10 | D        | Reached XP level 10. HP: 98/98 MP: 10/10
    10 | D        | Reached XP level 11. HP: 104/104 MP: 11/11
    10 | D        | Reached XP level 12. HP: 111/111 MP: 12/12
    10 | D        | Noticed a bag of meat
    10 | D        | Noticed a bag of meat
    11 | D        | Noticed a bag of meat
    11 | D        | Noticed a bag of meat
    11 | D        | Noticed a bag of meat
    12 | D        | Killed a bag of meat
    12 | D        | Reached * piety under Makhleb
    12 | D        | Reached XP level 13. HP: 122/122 MP: 13/13
    12 | D        | Noticed a bag of meat
    13 | D        | Noticed a bag of meat
    13 | D        | Noticed a meat berserker
    13 | D        | Noticed a meat berserker
    13 | D        | Noticed a bag of meat
    13 | D        | Noticed a bag of meat
    13 | D        | Noticed a destroyer
    14 | D        | Noticed a bag of meat
    14 | D        | Noticed a bag of meat
    14 | D        | Noticed a bag of meat
    14 | D        | Noticed a bag of meat
    15 | D        | Noticed a meat berserker
    15 | D        | Noticed a bag of meat
    15 | D        | Noticed a bag of meat
    15 | D        | Noticed a bag of meat
    15 | D        | Noticed a bag of meat
    15 | D        | Noticed a meat berserker
    15 | D        | Noticed a meat berserker
    15 | D        | Noticed a bag of meat
    16 | D        | Killed a meat berserker
    16 | D        | Reached XP level 14. HP: 136/136 MP: 14/14
    16 | D        | Reached XP level 15. HP: 143/143 MP: 15/15
    16 | D        | Noticed a meat berserker
    16 | D        | Noticed a meat berserker
    17 | D        | Reached ** piety under Makhleb
    17 | D        | Reached XP level 16. HP: 156/156 MP: 16/16
    17 | D        | Noticed a meat berserker
    17 | D        | Noticed a meat berserker
    18 | D        | Killed a meat berserker
    18 | D        | Reached *** piety under Makhleb
    18 | D        | Reached skill level 27 in Shields
    18 | D        | Reached XP level 17. HP: 171/171 MP: 17/17
    18 | D        | Reached skill level 27 in Fighting
    18 | D        | Reached skill level 27 in Armour
    18 | D        | Reached XP level 18. HP: 182/182 MP: 18/18
    18 | D        | Reached skill level 27 in Unarmed Combat
    18 | D        | Reached skill level 5 in Stealth
    18 | D        | Reached **** piety under Makhleb
    18 | D        | Killed a meat berserker
    18 | D        | Reached skill level 10 in Dodging
    18 | D        | Reached XP level 19. HP: 189/189 MP: 18/34
    19 | D        | Killed a meat berserker
    19 | D        | Reached skill level 15 in Invocations
    19 | D        | Reached XP level 20. HP: 197/197 MP: 18/38
    19 | D        | Killed a destroyer
    19 | D        | Reached ***** piety under Makhleb
    19 | D        | Killed a meat berserker
    19 | D        | Reached XP level 21. HP: 204/204 MP: 18/43
    20 | D        | Killed a meat berserker
    20 | D        | Killed a meat berserker
    20 | D        | Reached XP level 22. HP: 212/212 MP: 18/47
    20 | D        | Killed a meat berserker
    20 | D        | Reached skill level 27 in Stealth
    21 | D        | Reached skill level 27 in Invocations
    21 | D        | Reached XP level 23. HP: 219/219 MP: 19/51
    21 | D        | Reached ****** piety under Makhleb
    22 | D        | Reached skill level 27 in Axes
    22 | D        | Reached skill level 27 in Throwing
    22 | D        | Reached skill level 27 in Spellcasting
    23 | D        | Reached skill level 27 in Dodging
    23 | D        | Reached XP level 24. HP: 227/227 MP: 19/54
    26 | D        | Reached XP level 25. HP: 234/234 MP: 20/54
    27 | D        | Reached XP level 26. HP: 242/242 MP: 20/54
    28 | D        | Noticed a destroyer
    29 | D        | Reached XP level 27. HP: 249/249 MP: 21/54
    35 | D        | Noticed a large bag of meat
    44 | D        | Killed a large bag of meat
    51 | D        | Killed a destroyer
    99 | D        | Noticed a large bag of meat
   108 | D        | Noticed a large bag of meat
   108 | D        | Noticed a destroyer
   109 | D        | Killed a destroyer
   121 | D        | Noticed a destroyer
   127 | D        | Killed a destroyer
   134 | D        | Killed a large bag of meat
   140 | D        | Killed a large bag of meat
   159 | D        | Noticed The Meatlord
   162 | D        | Noticed a large bag of meat
   163 | D        | Noticed a large bag of meat
   168 | D        | Noticed a large bag of meat
   168 | D        | Annihilated by The Meatlord

Vault maps used:
D:        meatsprint

Skill      XL: |  1  2  3  4  5  6  7  8  9 10 11 12 13 14 15 16 17 18 19 20 21 22 23 |
---------------+----------------------------------------------------------------------+-----
Fighting       | 15 18 20 22 26 27 | 27.0
Armour         | 15 18 20 22 26 27 | 27.0
Shields        | 17 19 22 24 27 | 27.0
Unarmed Combat | 14 16 19 21 24 25 27 | 27.0
Axes           | 11 14 18 21 24 27 | 27.0
Throwing       | 11 14 18 21 24 27 | 27.0
Dodging        | 10 13 17 20 22 27 | 27.0
Stealth        | 14 18 23 26 27 | 27.0
Spellcasting   | 11 14 18 21 24 27 | 27.0
Invocations    | 13 17 21 24 27 | 27.0

Action                   |  1- 3 |  4- 6 |  7- 9 | 10-12 | 13-15 | 16-18 | 19-21 | 22-24 | 25-27 || total
-------------------------+-------+-------+-------+-------+-------+-------+-------+-------+-------++-------
Melee: Executioner's axe |     1 |       |       |     1 |     2 |     1 |     2 |     5 |    46 ||    58
 Abil: Dig               |     1 |       |       |       |       |       |       |       |       ||     1
Armor: Scale mail        |       |       |       |       |       |       |     2 |       |     3 ||     5
Dodge: Dodged            |       |       |       |       |       |       |     1 |       |     9 ||    10
Block: Shield            |       |       |       |       |     1 |     1 |     2 |     2 |    17 ||    23

Table legend:
 A = Non-vault XP
 B = Vault XP
 C = Vault XP percentage of total XP
 D = Non-vault monster count
 E = Vault monster count
 F = Vault count percentage of total count
                 A         B        C        D         E       F
            +---------+---------+-------+---------+---------+-------
      Total |       0 | 3332249 | 100.0 |       0 |     149 | 100.0
            +---------+---------+-------+---------+---------+-------
          D |       0 | 3332249 | 100.0 |       0 |     149 | 100.0
            +---------+---------+-------+---------+---------+-------
